[Event "Titled Tuesday Blitz July 18 Late 2023"]
[White "Vaglio Munoz, Jaime"]
[Black "Seyhanoglu, Deniz"]
[WhiteFideId "6500145"]
[BlackFideId "6302572"]
[WhiteElo "2270"]
[BlackElo "2400"]
[Result "0-1"]
[Round "11"]
[TimeControl "180+2"]
[Date "2023.07.18"]
[WhiteClock "0:00:17"]
[BlackClock "0:00:11"]
[Board "91"]

1. Nf3 d5 2. c4 c6 3. b3 Nf6 4. Bb2 Bg4 5. g3 Bxf3 6. exf3 d4 7. d3 e5 8. Bg2 Bb4+ 9. Nd2 Qa5 10. a3 Bxd2+ 11. Qxd2 Qxd2+ 12. Kxd2 O-O 13. b4 a5 14. Rhe1 Nfd7 15. f4 exf4 16. Bxd4 fxg3 17. hxg3 axb4 18. axb4 Rxa1 19. Bxa1 Na6 20. Kc3 Rd8 21. Bb2 Kf8 22. Bc1 Re8 23. Be3 Nc7 24. Ra1 Ra8 25. Rxa8+ Nxa8 26. b5 cxb5 27. Bxb7 Nc7 28. c5 Ke7 29. d4 Nf6 30. Kb4 Kd7 31. Bg2 h6 32. Ka5 g5 33. Kb6 b4 34. Bh3+ g4 35. Bf1 Nfd5+ 36. Ka5 b3 37. Bd3 b2 38. Bxh6 Nc3 39. Bf5+ Kc6 40. Bf4 N7d5 41. Bd3 Nxf4 42. gxf4 b1=Q 43. Bxb1 Nxb1 44. Kb4 Nd2 45. Kc3 Ne4+ 46. Kc4 Nxf2 47. d5+ Kc7 48. Kd4 f5 49. Ke5 Ne4 50. c6 Nd6 51. Kd4 Nf7 52. Ke3 Kd6 53. Kd4 Nd8 54. Kc4 Nf7 55. Kd4 Nh6 56. Ke3 Ng8 57. Kd4 Ne7 58. Ke3 Nxd5+ 59. Kf2 Kxc6 60. Kg3 Kc5 61. Kh4 Kd4 62. Kg3 Ke3 63. Kg2 Nxf4+ 64. Kg3 Ng6 65. Kg2 f4 66. Kh2 Kf2 67. Kh1 Ne5 68. Kh2 g3+ 69. Kh3 g2 70. Kh4 g1=Q 71. Kh5 Qg4+ 72. Kh6 Qg6# 0-1


[Site "https://www.chess.com"]

[Event "Titled Tuesday Blitz July 18 Late 2023"]
[White "BrandonJiang123456"]
[Black "Melikhov, Evgeny V."]
[BlackFideId "4122046"]
[WhiteElo "2268"]
[BlackElo "2368"]
[Result "0-1"]
[Round "11"]
[TimeControl "180+2"]
[Date "2023.07.18"]
[WhiteClock "0:01:06"]
[BlackClock "0:00:42"]
[Board "92"]

1. e4 c5 2. Nf3 d6 3. Bb5+ Nd7 4. d4 cxd4 5. Qxd4 a6 6. Bxd7+ Bxd7 7. Nc3 e5 8. Qd3 Rc8 9. Nd2 Be6 10. O-O Nf6 11. Rd1 Be7 12. Nf1 Bc4 13. Qf3 h6 14. Ne3 O-O 15. Nf5 Be6 16. Nxe7+ Qxe7 17. h3 b5 18. Qg3 b4 19. Nd5 Bxd5 20. exd5 Rxc2 21. Bxh6 Nh5 22. Qb3 Rfc8 23. Bd2 Nf4 24. Bxf4 exf4 25. Qxb4 f3 26. gxf3 Qe2 27. Qd4 Qxf3 28. Re1 Qxh3 29. Rad1 R2c4 30. Re8+ Kh7 31. Qd3+ Qxd3 0-1


[Site "https://www.chess.com"]

[Event "Titled Tuesday Blitz July 18 Late 2023"]
[White "Cardenas Carbajal, Nilson"]
[Black "Rodriguez Santiago, Jaime"]
[WhiteFideId "8401128"]
[BlackFideId "3100898"]
[WhiteElo "2198"]
[BlackElo "2348"]
[Result "0-1"]
[Round "11"]
[TimeControl "180+2"]
[Date "2023.07.18"]
[WhiteClock "0:00:00"]
[BlackClock "0:00:11"]
[Board "93"]

1. e4 c6 2. d4 d5 3. Nd2 dxe4 4. Nxe4 Nf6 5. Nxf6+ exf6 6. c3 Bd6 7. Bd3 O-O 8. Qc2 Re8+ 9. Ne2 h5 10. h3 h4 11. Be3 Qc7 12. O-O-O Be6 13. c4 Nd7 14. c5 Bf8 15. g3 hxg3 16. Nxg3 Bd5 17. Rhg1 Bf3 18. Be2 Bxe2 19. Qxe2 Re6 20. Nf5 g6 21. Qg4 Rae8 22. Nh4 Re4 23. f4 Bg7 24. Nxg6 fxg6 25. Qxg6 Nf8 26. Qxf6 Rxe3 27. Rg4 Qf7 28. Qh6 Re1 29. Qh4 Rxd1+ 30. Kxd1 Ng6 31. Kc2 Nxh4 0-1


[Site "https://www.chess.com"]

[Event "Titled Tuesday Blitz July 18 Late 2023"]
[White "Curtis, John"]
[Black "Figorito, Nick"]
[WhiteFideId "3200256"]
[BlackFideId "30923689"]
[WhiteElo "2066"]
[BlackElo "2338"]
[Result "0-1"]
[Round "11"]
[TimeControl "180+2"]
[Date "2023.07.18"]
[WhiteClock "0:00:00"]
[BlackClock "0:01:13"]
[Board "94"]

1. d4 Nf6 2. Nf3 g6 3. c4 Bg7 4. Nc3 d5 5. e3 O-O 6. h3 c5 7. cxd5 Nxd5 8. Bc4 Nb6 9. Bb3 Nc6 10. dxc5 Nd7 11. Ne4 Qa5+ 12. Bd2 Qa6 13. Bc3 Bxc3+ 14. bxc3 Rd8 15. Qe2 Qa5 16. Rd1 Nxc5 17. Rxd8+ Nxd8 18. Nxc5 Qxc5 19. Qd3 Bf5 20. e4 Be6 21. O-O Rc8 22. Rd1 Bxb3 23. axb3 Ne6 24. c4 Rd8 25. Qc2 Rxd1+ 26. Qxd1 Qc6 27. Qd5 Qxd5 28. exd5 Nc5 0-1


[Site "https://www.chess.com"]

[Event "Titled Tuesday Blitz July 18 Late 2023"]
[White "Barwinska, Ewa"]
[Black "Navyblue1"]
[WhiteFideId "21833761"]
[WhiteElo "2288"]
[BlackElo "1899"]
[Result "1-0"]
[Round "11"]
[TimeControl "180+2"]
[Date "2023.07.18"]
[WhiteClock "0:00:36"]
[BlackClock "0:00:02"]
[Board "95"]

1. e4 c5 2. Nf3 d6 3. d4 cxd4 4. Nxd4 Nf6 5. Nc3 a6 6. Be3 e5 7. Nb3 Be6 8. f3 Be7 9. Qd2 Nbd7 10. g4 b5 11. O-O-O Qc7 12. g5 Nh5 13. Ne2 Rc8 14. Ng3 Nf4 15. h4 g6 16. Kb1 Nc5 17. Bxf4 exf4 18. Ne2 Nxb3 19. cxb3 Qb6 20. Nxf4 O-O 21. Nxe6 fxe6 22. Bh3 Kf7 23. f4 Qc5 24. Rhf1 Rc7 25. f5 exf5 26. exf5 gxf5 27. Rxf5+ Kg7 28. Rxc5 Rxc5 29. Qd4+ Re5 30. Re1 Kg6 31. Rxe5 dxe5 32. Qxe5 Rf7 33. Be6 Rf1+ 34. Kc2 Rf2+ 35. Kd3 Rf3+ 36. Ke2 Rf8 37. Bf5+ Kf7 38. Qe6+ Ke8 39. Qd7+ Kf7 40. Be6+ Kg6 41. Qxe7 Rf4 42. Qe8+ Kg7 43. Qg8# 1-0


[Site "https://www.chess.com"]

[Event "Titled Tuesday Blitz July 18 Late 2023"]
[White "Ricaurte Lopez, Juan Carlos"]
[Black "Womacka, Mathias"]
[WhiteFideId "3600327"]
[BlackFideId "4611390"]
[WhiteElo "2150"]
[BlackElo "2507"]
[Result "0-1"]
[Round "11"]
[TimeControl "180+2"]
[Date "2023.07.18"]
[WhiteClock "0:00:39"]
[BlackClock "0:00:59"]
[Board "96"]

1. e4 c5 2. d4 cxd4 3. c3 dxc3 4. Nxc3 Nc6 5. Bc4 d6 6. Nf3 a6 7. e5 e6 8. exd6 Bxd6 9. O-O Nf6 10. Bg5 Be7 11. Qe2 O-O 12. Rfd1 Qc7 13. Rac1 b5 14. Nxb5 axb5 15. Bxb5 Bb7 16. Qc4 Rfc8 17. Nd4 Ng4 18. Bxe7 Qxh2+ 19. Kf1 Nxe7 20. Qxc8+ Rxc8 21. Rxc8+ Nxc8 22. Nf3 Qc7 0-1


[Site "https://www.chess.com"]

[Event "Titled Tuesday Blitz July 18 Late 2023"]
[White "Cruz, William Ferreira Da"]
[Black "Campos, Maria Jose"]
[WhiteFideId "2118050"]
[BlackFideId "146803"]
[WhiteElo "2298"]
[BlackElo "2374"]
[Result "1-0"]
[Round "11"]
[TimeControl "180+2"]
[Date "2023.07.18"]
[WhiteClock "0:01:26"]
[BlackClock "0:02:23"]
[Board "97"]

1. e4 e5 2. Nf3 Nc6 3. Bc4 Nf6 4. d3 Bc5 5. O-O d6 6. c3 a6 7. a4 Ba7 8. Na3 h6 9. Nc2 O-O 10. Be3 Bg4 11. h3 Bh5 12. Bxa7 Bxf3 13. Qxf3 Nxa7 14. Ne3 Nc8 15. Nf5 Ne7 16. Nxh6+ Kh7 17. Ng4 Nxg4 18. hxg4 Ng6 19. g3 c6 20. Kg2 d5 21. exd5 cxd5 22. Bxd5 Rc8 23. Bxf7 Nf4+ 24. gxf4 Rxf7 25. Qe4+ Kg8 26. fxe5 Qg5 27. Rh1 Rcf8 28. Qh7# 1-0


[Site "https://www.chess.com"]

[Event "Titled Tuesday Blitz July 18 Late 2023"]
[White "Prieto Aranguren, Alain"]
[Black "Broca Jimenez, Fernando"]
[WhiteFideId "2268906"]
[BlackFideId "5104742"]
[WhiteElo "2346"]
[BlackElo "2263"]
[Result "0-1"]
[Round "11"]
[TimeControl "180+2"]
[Date "2023.07.18"]
[WhiteClock "0:00:30"]
[BlackClock "0:00:50"]
[Board "98"]

1. e4 c5 2. Nf3 g5 3. h3 h6 4. d4 cxd4 5. Qxd4 Nf6 6. Nc3 Nc6 7. Qd2 Bg7 8. Bd3 d6 9. b3 Qa5 10. Bb2 Be6 11. O-O O-O 12. Rfe1 Rac8 13. Qe3 Ng4 14. hxg4 Bxc3 15. Bxc3 Qxc3 16. e5 Nxe5 17. Nxe5 Qxe5 18. Qxa7 Qf6 19. f3 Rc7 20. Kf2 Rfc8 21. Rh1 Rxc2+ 22. Bxc2 Rxc2+ 23. Kg3 Qf4+ 24. Kh3 Bxg4+ 25. fxg4 Rc3+ 0-1


[Site "https://www.chess.com"]

[Event "Titled Tuesday Blitz July 18 Late 2023"]
[White "Chemin, Justo Reinaldo"]
[Black "Prydun, Andriy"]
[WhiteFideId "2101580"]
[BlackFideId "14145898"]
[WhiteElo "2245"]
[BlackElo "2332"]
[Result "1-0"]
[Round "11"]
[TimeControl "180+2"]
[Date "2023.07.18"]
[WhiteClock "0:00:52"]
[BlackClock "0:00:44"]
[Board "99"]

1. e4 c6 2. d4 d5 3. exd5 cxd5 4. Bd3 Nc6 5. c3 Nf6 6. h3 Rg8 7. Nf3 h6 8. O-O g5 9. Ne5 g4 10. hxg4 Nxe5 11. dxe5 Nxg4 12. Qe2 h5 13. Bb5+ Bd7 14. e6 fxe6 15. Qxe6 Bxb5 16. Qxg8 Bc4 17. Qg6+ Kd7 18. Qxh5 Nf6 19. Qh3+ Ke8 20. Re1 Qb6 21. Nd2 Ba6 22. Nf3 Bb5 23. Be3 Qa6 24. Bd4 Bd7 25. Qh4 Ng4 26. Ne5 1-0


[Site "https://www.chess.com"]

[Event "Titled Tuesday Blitz July 18 Late 2023"]
[White "De Arruda, Leandro Formes"]
[Black "Alain_Otero"]
[WhiteFideId "22722009"]
[WhiteElo "2212"]
[BlackElo "2329"]
[Result "0-1"]
[Round "11"]
[TimeControl "180+2"]
[Date "2023.07.18"]
[WhiteClock "0:00:07"]
[BlackClock "0:00:06"]
[Board "100"]

1. d4 d5 2. Nf3 Nf6 3. e3 e6 4. Bd3 c5 5. c3 Nc6 6. Nbd2 Bd6 7. O-O O-O 8. Re1 Qb6 9. e4 dxe4 10. Nxe4 Nxe4 11. Bxe4 g6 12. Bh6 Rd8 13. Bxc6 bxc6 14. dxc5 Bxc5 15. Qc2 Rb8 16. b4 Be7 17. a4 a5 18. Rab1 Ba6 19. Bf4 Bd3 20. Qb2 Rb7 21. Be3 Qa6 22. Rbd1 axb4 23. Ne5 bxc3 24. Qxc3 Be4 25. Rxd8+ Bxd8 26. Qd4 Bd5 27. Ng4 f5 28. Nh6+ Kf8 29. Qh8+ Ke7 30. Bc5+ Kd7 31. Qxh7+ Kc8 32. Qxg6 Qa5 33. Rc1 Qxc5 34. Rf1 Qd4 35. Qe8 Rg7 36. g3 Qe4 37. f3 Qe3+ 38. Kg2 Qe2+ 39. Rf2 Bxf3+ 40. Kg1 Qe1+ 41. Rf1 Qe3+ 42. Rf2 Rd7 43. Qxd7+ Kxd7 44. Nf7 Bb6 0-1


[Site "https://www.chess.com"]

[Event "Titled Tuesday Blitz July 18 Late 2023"]
[White "Lutz, Igor Oscar"]
[Black "Liu, Casper"]
[WhiteFideId "2110806"]
[BlackFideId "1454153"]
[WhiteElo "1961"]
[BlackElo "2422"]
[Result "0-1"]
[Round "11"]
[TimeControl "180+2"]
[Date "2023.07.18"]
[WhiteClock "0:01:12"]
[BlackClock "0:02:10"]
[Board "102"]

1. d4 Nf6 2. c3 g6 3. c4 Bg7 4. Nc3 O-O 5. e4 d6 6. Nf3 c5 7. Be3 cxd4 8. Nxd4 Nc6 9. f3 Bd7 10. Be2 Rc8 11. Qd2 Qa5 12. O-O Qh5 13. Nd5 Nxd5 14. cxd5 Nxd4 15. Bxd4 Bh6 16. Be3 Rc2 17. Qxc2 Bxe3+ 18. Kh1 Bf4 19. Kg1 Qxh2+ 20. Kf2 Qh4+ 21. Kg1 Bh2+ 22. Kh1 Bg3+ 23. Kg1 Qh2# 0-1


[Site "https://www.chess.com"]

[Event "Titled Tuesday Blitz July 18 Late 2023"]
[White "Vanek, Tomas"]
[Black "Thiel, Thomas"]
[WhiteFideId "313459"]
[BlackFideId "4615964"]
[WhiteElo "2160"]
[BlackElo "2232"]
[Result "0-1"]
[Round "11"]
[TimeControl "180+2"]
[Date "2023.07.18"]
[WhiteClock "0:00:15"]
[BlackClock "0:02:16"]
[Board "103"]

1. d4 d5 2. Bf4 Nf6 3. e3 c5 4. c3 Qb6 5. Qb3 c4 6. Qc2 Nc6 7. Nd2 g6 8. f3 Bg7 9. b3 cxb3 10. axb3 O-O 11. Bd3 e5 12. Bg3 exd4 13. exd4 Re8+ 14. Ne2 Bd7 15. O-O Rac8 16. Bf2 Nb4 17. Qb1 Bh6 18. Rd1 Nxd3 19. Qxd3 Bf5 0-1


[Site "https://www.chess.com"]

[Event "Titled Tuesday Blitz July 18 Late 2023"]
[White "Sarkar, Justin"]
[Black "Tqebuchava, Zurab"]
[WhiteFideId "2010011"]
[BlackFideId "13601113"]
[WhiteElo "2228"]
[BlackElo "2104"]
[Result "1-0"]
[Round "11"]
[TimeControl "180+2"]
[Date "2023.07.18"]
[WhiteClock "0:00:06"]
[BlackClock "0:00:00"]
[Board "104"]

1. e4 d6 2. c4 Nf6 3. Nc3 c5 4. Nge2 Nc6 5. d4 cxd4 6. Nxd4 g6 7. Be2 Bg7 8. Be3 O-O 9. O-O Bd7 10. Rc1 a6 11. f3 Rc8 12. Qd2 Ne5 13. b3 Kh8 14. h3 Nc6 15. Nc2 Nh5 16. Kf2 Bf6 17. g3 Be6 18. Nd5 Bxd5 19. cxd5 Ne5 20. f4 Nd7 21. Bxh5 gxh5 22. Bd4 Rg8 23. Ne3 Rxc1 24. Rxc1 Qf8 25. Nf5 Nc5 26. Bxf6+ exf6 27. Qd4 Rg6 28. Nh4 Qe7 29. Nxg6+ hxg6 30. Kf3 Qd7 31. b4 Na4 32. Qxf6+ Kh7 33. f5 Qb5 34. Qxf7+ Kh8 35. Rc8+ 1-0


[Site "https://www.chess.com"]

[Event "Titled Tuesday Blitz July 18 Late 2023"]
[White "Feliz Dotel, Dewar Bienvenido"]
[Black "Hilary46"]
[WhiteFideId "6402801"]
[WhiteElo "2077"]
[BlackElo "2679"]
[Result "0-1"]
[Round "11"]
[TimeControl "180+2"]
[Date "2023.07.18"]
[WhiteClock "0:00:00"]
[BlackClock "0:01:18"]
[Board "105"]

1. d4 d5 2. e3 Nf6 3. Nf3 c6 4. c4 e6 5. Be2 Nbd7 6. O-O Bd6 7. Nc3 O-O 8. Qc2 b6 9. Re1 Bb7 10. Rb1 c5 11. dxc5 Nxc5 12. b4 Nce4 13. c5 Be7 14. Nd4 Rc8 15. Ba3 bxc5 16. bxc5 Bxc5 17. Nxe4 Nxe4 18. Rxb7 Bxa3 19. Qa4 Bc5 20. Ba6 Bxd4 21. Qxd4 Nc5 22. Rxa7 Qb6 23. Bxc8 Qxa7 0-1


[Site "https://www.chess.com"]

[Event "Titled Tuesday Blitz July 18 Late 2023"]
[White "De Souza, Cristiano Gomes"]
[Black "Piekarski, Atila Balzer"]
[WhiteFideId "2151758"]
[BlackFideId "2119552"]
[WhiteElo "2217"]
[BlackElo "2053"]
[Result "1-0"]
[Round "11"]
[TimeControl "180+2"]
[Date "2023.07.18"]
[WhiteClock "0:00:50"]
[BlackClock "0:00:56"]
[Board "107"]

1. d4 Nf6 2. c4 g6 3. Nf3 Bg7 4. Nc3 d6 5. e4 O-O 6. Be2 e5 7. O-O Bg4 8. Be3 a5 9. Rc1 Na6 10. a3 Bxf3 11. Bxf3 exd4 12. Bxd4 Nc5 13. b4 axb4 14. axb4 Ne6 15. Be3 Nd7 16. Be2 Ra3 17. Qd2 Re8 18. f3 Ne5 19. Nd5 Nc6 20. Bf2 Ncd4 21. Rfe1 Nb3 22. Qd3 c6 23. Rb1 Nbd4 24. Qxa3 cxd5 25. cxd5 Nc2 26. Qa5 Nxe1 27. dxe6 Nc2 28. exf7+ Kxf7 29. Qa2+ 1-0


[Site "https://www.chess.com"]

[Event "Titled Tuesday Blitz July 18 Late 2023"]
[White "SoyuzTM4"]
[Black "Prohorov, Olexandr"]
[BlackFideId "14105578"]
[WhiteElo "2188"]
[BlackElo "2179"]
[Result "0-1"]
[Round "11"]
[TimeControl "180+2"]
[Date "2023.07.18"]
[WhiteClock "0:00:59"]
[BlackClock "0:01:59"]
[Board "108"]

1. e4 c5 2. Nf3 e6 3. d4 cxd4 4. Nxd4 Qb6 5. Nb3 Nf6 6. Nc3 Bb4 7. Bd3 d5 8. exd5 Nxd5 9. Bd2 Nxc3 10. bxc3 Be7 11. O-O O-O 12. c4 Nd7 13. Rb1 e5 14. Re1 Qc7 15. Nd4 Nc5 16. Qh5 Nxd3 17. cxd3 exd4 0-1


[Site "https://www.chess.com"]

[Event "Titled Tuesday Blitz July 18 Late 2023"]
[White "Gyulamiryan-koryun"]
[Black "Vargas, Mauricio"]
[BlackFideId "4404572"]
[WhiteElo "1908"]
[BlackElo "1875"]
[Result "1-0"]
[Round "11"]
[TimeControl "180+2"]
[Date "2023.07.18"]
[WhiteClock "0:00:01"]
[BlackClock "0:00:00"]
[Board "109"]

1. e4 d5 2. exd5 Qxd5 3. Nc3 Qa5 4. d4 c6 5. Nf3 Nf6 6. Bf4 Bg4 7. Be2 e6 8. h3 Bf5 9. g4 Bg6 10. Bd3 Nbd7 11. g5 Nd5 12. Bd2 Qc7 13. Bxg6 hxg6 14. Ne4 Nf4 15. h4 Ng2+ 16. Kf1 Nf4 17. c3 O-O-O 18. Be3 Nd5 19. Qa4 Kb8 20. Re1 N7b6 21. Qb3 Nxe3+ 22. Rxe3 Nd5 23. Re1 Qf4 24. Ne5 Rxh4 25. Rxh4 Qxh4 26. Nxc6+ Ka8 27. Nxd8 Qh1+ 28. Ke2 Qxe4+ 29. Kd1 Qg4+ 30. Re2 b6 31. Nxf7 Nf4 32. Qc2 Nxe2 33. Qxe2 Qg1+ 34. Kc2 Qg2 35. Nd8 Kb8 36. Nxe6 Bd6 37. Nxg7 1-0